 Dungeon Crawl Stone Soup version 0.21.1-1-g345015f (webtiles) character file.

101 nicolaieve the Insei (level 4, -2/28 HPs)
             Began as an Octopode Transmuter on June 9, 2018.
             Killed by divine providence
             ... invoked by an orc priest
              (12 damage)
             ... on level 3 of the Dungeon.
             The game lasted 00:19:25 (5769 turns).

nicolaieve the Insei (Octopode Transmuter)          Turns: 5769, Time: 00:19:26

Health: -2/28      AC:  1    Str: 10    XL:     4   Next: 75%
Magic:  7/7        EV: 13    Int: 15    God:
Gold:   141        SH:  0    Dex: 12    Spells: 6/7 levels left

rFire    . . .     SeeInvis .     - Unarmed
rCold    . . .     Gourm    .   (no shield)
rNeg     . . .     Faith    .   (helmet restricted)
rPois    .         Spirit   .   (no amulet)
rElec    .         Reflect  .   (no ring)
rCorr    .         Harm     .   (no ring)
MR       .....                  (no ring)
Stlth    ++........             (no ring)
HPRegen  0.09/turn              (no ring)
MPRegen  0.10/turn              (no ring)
                                (no ring)
                                (no ring)

@: no status effects
A: almost no armour, stealthy swim, amphibious, 8 rings, constrict 8, camouflage
1, gelatinous body 1
a: no special abilities


You were on level 3 of the Dungeon.
You were not hungry.

You visited 1 branch of the dungeon, and saw 4 of its levels.

You collected 141 gold pieces.

Inventory:

Hand Weapons
 d - a +0 arbalest
Missiles
 a - 12 arrows
 i - 27 stones (quivered)
 n - 16 poisoned needles
Armour
 q - a +2 centaur barding
 t - a +0 shield
Jewellery
 g - a cursed ring of loudness {unknown}
Scrolls
 e - a scroll of amnesia
 k - a scroll of fog
 l - a scroll of magic mapping {unknown}
 s - a scroll of immolation {unknown}
Potions
 f - 2 potions of heal wounds {unknown}
 h - 3 potions of curing {unknown}
 j - 2 potions of agility {unknown}
 m - a potion of might {unknown}
 o - a potion of degeneration {unknown}
 p - 2 potions of brilliance {unknown}
 r - 2 potions of resistance {unknown}
Books
 b - a book of Changes

   Spells                             Type                      Level
   a - Beastly Appendage              Transmutation                1
   b - Sticks to Snakes               Transmutation                2
   c - Spider Form                    Transmutation/Poison         3
   d - Ice Form                       Ice/Transmutation            4
   e - Blade Hands                    Transmutation                5
Comestibles
 c - 4 rations


   Skills:
 - Level 1.0 Fighting
 - Level 2.0 Dodging
 - Level 0.4 Stealth
 + Level 4.8 Unarmed Combat
 + Level 2.4 Spellcasting
 + Level 2.3 Transmutations


You had 6 spell levels left.
You knew the following spells:

 Your Spells              Type           Power        Failure   Level  Hunger
a - Beastly Appendage     Tmut           #.....       9%          1    #......


Dungeon Overview and Level Annotations

Branches:
Dungeon (4/15)
 Temple: D:4-7

Altars:
Okawaru

Annotations:
D:3 kaesh's ghost, amateur FoFi


Innate Abilities, Weirdness & Mutations

You cannot wear most types of armour.
You are very stealthy in the water. (Stealth+)
You are amphibious.
You can wear up to eight rings at the same time.
You can use your tentacles to constrict eight enemies at once.
Your skin changes colour to match your surroundings (Stealth+).
Your rubbery body absorbs attacks. (AC +1, EV +1)


Message History

You grab the orc priest.
You pierce the orc priest, but do no damage.
The orc priest is moderately wounded.
You constrict the orc priest.
The orc hits you from afar with a trident.
The orc priest closely misses you.
You barely miss the orc priest.
You pierce the orc priest.
You tentacle-slap the orc priest, but do no damage.
The orc priest is moderately wounded.
You constrict the orc priest, but do no damage.
The orc closely misses you.
The orc priest invokes the aid of Beogh against you.
Beogh smites you!
You release your grip on the orc priest.
Unknown command.
Your tentacle spike disappears.
There is a stone staircase leading down here.
The orc priest calls down the wrath of Beogh upon you.
Beogh smites you!
You die...

....###..###..#.. ...##
#....#.## . .### ##.##...#
..# #......## #.# #......#
#.####......#
#...........#######
######...##.......###
...#####..####..@o..# ##
##.........[...)..o.# .###
#######......).....##...###.
#######.......).......
#......###.###.. #......# ..
#......# ... ######## ##.


You could see an orc priest and an orc.

Vanquished Creatures
  A gnoll (D:3)
  2 adders
  5 worms (D:2)
  2 dart slugs (D:1)
  2 leopard geckos
  3 orcs (D:2)
  3 giant cockroaches
  5 goblins
  5 hobgoblins
  3 quokkas (D:2)
  8 bats
  4 frilled lizards
  5 kobolds
  5 rats
53 creatures vanquished.

Notes
Turn   | Place    | Note
-------+----------+-------------------------------------------
     0 | D:1      | nicolaieve the Octopode Transmuter began the quest for the Orb.
     0 | D:1      | Reached XP level 1. HP: 13/13 MP: 3/3
   255 | D:1      | Reached XP level 2. HP: 4/18 MP: 3/5
  1319 | D:1      | Reached skill level 4 in Unarmed Combat
  1545 | D:2      | Reached XP level 3. HP: 23/23 MP: 4/6
  1997 | D:2      | Found an iron altar of Okawaru.
  2797 | D:2      | Reached XP level 4. HP: 18/28 MP: 5/7
  3159 | D:3      | Noticed kaesh's ghost (amateur FoFi)
  5769 | D:3      | Killed from afar by an orc priest

Skill      XL: |  1  2 |
---------------+-------+-----
Unarmed Combat | 4 |  4.8
Fighting       | |  1.0
Dodging        | |  2.0
Stealth        | |  0.4
Spellcasting   | |  2.4
Transmutations | |  2.3

Action                   |  1- 3 |  4- 6 || total
-------------------------+-------+-------++-------
Melee: Unarmed           |    67 |    54 ||   121
       Kick              |    15 |    13 ||    28
       Tentacles         |    17 |     9 ||    26
       Constrict         |    17 |    13 ||    30
       Punch             |       |     2 ||     2
 Cast: Beastly Appendage |    21 |    13 ||    34
  Use: Scroll            |     6 |     1 ||     7
 Stab: Sleeping          |     6 |     2 ||     8
       Distracted        |       |     2 ||     2
  Eat: Chunk             |     4 |     1 ||     5
       Ration            |     1 |     2 ||     3
Armor: Skin              |     4 |     5 ||     9
Dodge: Dodged            |    24 |    39 ||    63
